 Dungeon Crawl Stone Soup version 0.23-a0-844-gdc03e01 (console) character file.

68 bli the Charmwright (level 4, -15/23 HPs)
             Began as a Spriggan Skald on Jan 26, 2019.
             Demolished by a gnoll
             ... wielding a +1 spear of distortion
              (18 damage)
             ... on level 2 of the Dungeon.
             The game lasted 00:06:16 (1288 turns).

bli the Charmwright (Spriggan Skald)                Turns: 1288, Time: 00:06:17

Health: -15/23     AC:  2    Str:  7    XL:     4   Next: 1%
Magic:  6/9        EV: 19    Int: 14    God:
Gold:   68         SH:  0    Dex: 16    Spells: 7/8 levels left

rFire    . . .     SeeInvis +   b - +0 dagger
rCold    . . .     Gourm    .   (shield restricted)
rNeg     . . .     Faith    .   e - +0 robe
rPois    .         Spirit   .   (helmet restricted)
rElec    .         Reflect  .   (no cloak)
rCorr    .         Harm     .   (gloves unavailable)
MR       .....                  (boots unavailable)
Stlth    ++........             (no amulet)
HPRegen  0.07/turn              (no ring)
MPRegen  0.11/turn              (no ring)

@: infused, very quick
A: very small, unfitting armour, see invisible, herbivore, speed 3, slow
metabolism 2
a: no special abilities


You were on level 2 of the Dungeon.
You were not hungry.

You visited 1 branch of the dungeon, and saw 2 of its levels.

You collected 68 gold pieces.

Inventory:

Hand Weapons
 a - a +0 short sword
 b - a +0 dagger (weapon)
Missiles
 c - 39 stones (quivered)
Armour
 e - a +0 robe (worn)
Scrolls
 f - a scroll of identify {unknown}
 g - a scroll of magic mapping {unknown}
 h - a scroll of blinking {unknown}
Potions
 i - a potion of lignification {unknown}
 j - 2 potions of flight {unknown}
Comestibles
 d - 2 rations


   Skills:
 + Level 1.6 Fighting
 * Level 3.8 Short Blades
 + Level 4.3 Dodging
 + Level 2.5 Stealth
 - Level 2.6 Spellcasting
 - Level 4.4 Charms


You had 7 spell levels left.
You knew the following spells:

 Your Spells              Type           Power        Failure   Level  Hunger
a - Infusion              Chrm           ##..         3%          1    #......

Your spell library contained the following spells:

 Spells                   Type           Power        Failure   Level  Hunger
 Song of Slaying          Chrm           ##......     5%          2    ###....
 Shroud of Golubria       Chrm/Tloc      #.........   14%         2    ###....
 Regeneration             Chrm/Necr      #.........   26%         3    ###....
 Spectral Weapon          Hex/Chrm       #.......     26%         3    ###....


Dungeon Overview and Level Annotations

Branches:
Dungeon (2/15)

Altars:
Ru
Vehumet


Innate Abilities, Weirdness & Mutations

You are very small and have problems with some larger weapons.
You are too small for most types of armour.
You have supernaturally acute eyesight. (SInv)
You are a herbivore.
You cover ground extremely quickly.
You need to consume almost no food.


Message History

You throw a stone.
The stone hits the gnoll but does no damage.
The gnoll is heavily wounded.
Casting: Infusion (safe; 3% risk of failure)
Confirm with . or Enter, or press ? or * to list all spells.
You begin infusing your attacks with magical energy.
The gnoll completely misses you. The gnoll misses you.
You hit the gnoll.
The gnoll is severely wounded.
The gnoll closely misses you.
You hit the gnoll.
The gnoll is almost dead.
The gnoll hits you with a +1 spear of distortion.
You blink.
The gnoll hits you with a +1 spear of distortion.
* * * LOW HITPOINT WARNING * * *
Space warps horribly around you!!
Ouch! That really hurt!
You die...

.##...# #.# #(#
.##############.###(#
)............^....#(#
.##############.#.#(#
.# #.......#†#÷# .#
#.........#(#
.##################.#
((...........g......#
#####################
..(.....(........#
################@#
#g# #§# #<# ###


You could see a gnoll.

Vanquished Creatures
  A gnoll (D:2)
  2 adders (D:2)
  A worm (D:2)
  A dart slug (D:1)
  2 giant cockroaches (D:1)
  8 goblins
  4 hobgoblins
  2 jackals (D:2)
  A ball python (D:1)
  2 bats (D:1)
  6 kobolds
  5 rats
35 creatures vanquished.

Notes
Turn   | Place    | Note
-------+----------+-------------------------------------------
     0 | D:1      | bli the Spriggan Skald began the quest for the Orb.
     0 | D:1      | Reached XP level 1. HP: 10/10 MP: 5/5
     2 | D:1      | Noticed a spriggan
     2 | D:1      | Noticed a centaur
     4 | D:1      | Noticed a gargoyle
     6 | D:1      | Noticed a demonspawn
     6 | D:1      | Noticed a vampire
     8 | D:1      | Noticed an elf
    10 | D:1      | Noticed a draconian
    10 | D:1      | Noticed a troll
    12 | D:1      | Noticed an octopode
    12 | D:1      | Noticed a merfolk
    14 | D:1      | Noticed a human
    17 | D:1      | Noticed a vine stalker
    17 | D:1      | Noticed a formicid
    19 | D:1      | Noticed a demigod
    21 | D:1      | Noticed a minotaur
    21 | D:1      | Noticed a dwarf
    23 | D:1      | Noticed a naga
    23 | D:1      | Noticed a halfling
    25 | D:1      | Noticed a felid
    25 | D:1      | Noticed a ghoul
    27 | D:1      | Noticed a tengu
    27 | D:1      | Noticed an ogre
    62 | D:1      | Reached skill level 1 in Stealth
   170 | D:1      | Reached XP level 2. HP: 7/14 MP: 6/6
   584 | D:2      | Found a radiant altar of Vehumet.
   601 | D:2      | Found a sacrificial altar of Ru.
   891 | D:2      | Reached XP level 3. HP: 16/18 MP: 8/8
  1149 | D:2      | Reached XP level 4. HP: 7/23 MP: 6/9
  1288 | D:2      | Demolished by a gnoll

Vault maps used:
D:1:      kb_arrival_jail, feat_on_display
D:2:      vehumet_crystals, nicolae_ru_path_of_blood

Skill      XL: |  1  2 |
---------------+-------+-----
Stealth        | 1 2 |  2.5
Dodging        | 4 |  4.3
Short Blades   | 3 |  3.8
Fighting       | |  1.6
Spellcasting   | |  2.6
Charms         | |  4.4

Action                   |  1- 3 |  4- 6 || total
-------------------------+-------+-------++-------
Melee: Dagger            |   176 |     2 ||   178
       Short sword       |     7 |       ||     7
Throw: Stone             |    35 |    34 ||    69
 Cast: Infusion          |     6 |     1 ||     7
 Stab: Sleeping          |     3 |       ||     3
Armor: Robe              |    24 |       ||    24
Dodge: Dodged            |   133 |     7 ||   140

Table legend:
 A = Non-vault XP
 B = Vault XP
 C = Vault XP percentage of total XP
 D = Non-vault monster count
 E = Vault monster count
 F = Vault count percentage of total count
                 A         B        C        D         E       F
            +---------+---------+-------+---------+---------+-------
      Total |      98 |       0 |   0.0 |      35 |       0 |   0.0
            +---------+---------+-------+---------+---------+-------
        D:1 |      32 |       0 |   0.0 |      19 |       0 |   0.0
        D:2 |      66 |       0 |   0.0 |      16 |       0 |   0.0
            +---------+---------+-------+---------+---------+-------
